 Dungeon Crawl Stone Soup version 0.21.1-1-g345015f (webtiles) character file.

420 RudyRod the Sneak (level 6, -1/57 HPs)
             Began as a Naga Fighter on Apr 26, 2018.
             Slain by a gnoll sergeant
             ... wielding a +4 antimagic trident
              (9 damage)
             ... on level 4 of the Dungeon.
             The game lasted 00:10:30 (2860 turns).

RudyRod the Sneak (Naga Fighter)                    Turns: 2860, Time: 00:10:30

Health: -1/57      AC:  5    Str: 19    XL:     6   Next: 94%
Magic:  1/6        EV:  4    Int:  9    God:
Gold:   165        SH: 14    Dex: 14    Spells: 5/5 levels left

rFire    . . .     SeeInvis +   a - +0 long sword
rCold    . . .     Gourm    .   q - +0 large shield (curse)
rNeg     . . .     Faith    .   b - +0 scale mail
rPois    +         Spirit   .   (helmet restricted)
rElec    .         Reflect  .   (no cloak)
rCorr    .         Harm     .   (no gloves)
MR       .....                  (no barding)
Stlth    +.........             (no amulet)
HPRegen  0.19/turn              k - +3 ring of dexterity
MPRegen  0.10/turn              (no ring)

@: very slow
A: large, claws 1, horns 1, see invisible, deformed body, poison resistance,
screaming 1, slowness 2, slow metabolism 1, spit poison 2, AC +2
a: Breathe Poison Gas


You were on level 4 of the Dungeon.
You were hungry.

You visited 1 branch of the dungeon, and saw 4 of its levels.

You collected 165 gold pieces.

Inventory:

Hand Weapons
 a - a +0 long sword (weapon)
Armour
 b - a +0 scale mail (worn)
 c - a +0 shield
 q - a cursed +0 large shield (worn)
Jewellery
 k - a +3 ring of dexterity (left claw)
Scrolls
 g - a scroll of amnesia {unknown}
 l - 2 scrolls of enchant armour {unknown}
 m - 6 scrolls of identify {unknown}
 n - a scroll of magic mapping {unknown}
 p - a scroll of immolation {unknown}
 s - 2 scrolls of remove curse {unknown}
 t - 2 scrolls of teleportation {unknown}
 w - a scroll of fear {unknown}
Potions
 d - 2 potions of might
 e - a potion of mutation
 h - a potion of invisibility {unknown}
 j - 3 potions of lignification {unknown}
 o - 3 potions of haste {unknown}
 r - a potion of ambrosia {unknown}
 v - 2 potions of curing {unknown}
 x - a potion of heal wounds {unknown}
Comestibles
 f - 6 rations
 u - 4 chunks of flesh


   Skills:
 + Level 3.7 Fighting
 + Level 3.2 Long Blades
 + Level 3.5 Armour
 * Level 1.8 Dodging
 * Level 4.2 Stealth
 + Level 3.5 Shields


You had 5 spell levels left.
You didn't know any spells.

Dungeon Overview and Level Annotations

Branches:
Dungeon (4/15)
 Temple: D:4-7

Altars:
Ashenzari


Innate Abilities, Weirdness & Mutations

You cannot wear boots.
Your serpentine skin is tough. (AC +2)
You have supernaturally acute eyesight. (SInv)
Armour fits poorly on your strangely shaped body.
Your system is resistant to poisons. (rPois)
You cover ground very slowly.
You have a slow metabolism.
You can exhale a cloud of poison.
You have sharp fingernails.
You have a pair of small horns on your head.
You occasionally shout uncontrollably at your foes.


Message History

You feel your power leaking away. The gnoll sergeant barely misses you.
There is an open door here.
It was a potion of mutation.
You feel extremely strange.
Your fingernails lengthen.
You feel the urge to shout. A pair of horns grows on your head!
There is a nasty taste in your mouth for a moment.
The gnoll hits you but does no damage. You block the gnoll sergeant's attack.
As you read the scroll labeled OMYWNO UTULEST, it crumbles to dust.
The scroll dissolves into smoke.
It was a scroll of fog.
You block the gnoll's attack.
The gnoll sergeant hits you from afar with an antimagic trident.
* * * LOW HITPOINT WARNING * * *
The gnoll hits you but does no damage.
The gnoll sergeant hits you but does no damage.
The gnoll sergeant hits you from afar with an antimagic trident!
* * * LOW HITPOINT WARNING * * *
You feel your power leaking away.
The gnoll sergeant hits you from afar with an antimagic trident!
You die...

#.# # #.# # #.. #.# # + #.# #.# #
.. #.##### #######.## ## ...#
#..... #........# ##.
....####.#.## #.#.#.#..###..
.....#......########.#....#.##...
.....'......g.g.@............'..<
.....#.......#######.##...#.##...
.... #.....#.### #.###>##.###..
... #.........# #........# ##. ..
##...##.#.## #####.#### ## '
#..#§§§#..### #.# #
###....#§§§#....# #.#
....####§g§#..#.## #.# ###
##..#⌠.##'#..⌠#..### #.######..


You could see a gnoll sergeant and a gnoll.

Vanquished Creatures
  The ghost of Verendum the Twirler, an amateur GrGl (D:4)
  An ogre (D:4)
  A bullfrog skeleton (D:4)
  An iguana (D:4)
  A gnoll (D:4)
  5 adders
  2 oozes (D:1)
  An adder skeleton (D:2)
  A dart slug (D:1)
  A leopard gecko (D:2)
  2 orcs (D:3)
  2 ball pythons
  6 bats
  2 giant cockroaches (D:2)
  2 goblins
  4 hobgoblins
  4 jackals (D:4)
  A kobold (D:2)
  3 frilled lizards
  A giant cockroach zombie (D:3)
  A leopard gecko skeleton (D:4)
  5 rats
48 creatures vanquished.

Notes
Turn   | Place    | Note
-------+----------+-------------------------------------------
     0 | D:1      | RudyRod the Naga Fighter began the quest for the Orb.
     0 | D:1      | Reached XP level 1. HP: 21/21 MP: 1/1
    33 | D:1      | Reached XP level 2. HP: 21/28 MP: 2/2
   207 | D:1      | Reached skill level 1 in Stealth
   495 | D:2      | Reached XP level 3. HP: 34/34 MP: 3/3
  1286 | D:3      | Reached XP level 4. HP: 40/42 MP: 4/4
  1647 | D:3      | Reached skill level 2 in Stealth
  1908 | D:4      | Found a shattered altar of Ashenzari.
  1941 | D:4      | Reached skill level 1 in Dodging
  2035 | D:4      | Reached XP level 5. HP: 49/49 MP: 5/5
  2080 | D:4      | Noticed Verendum's ghost (amateur GrGl)
  2369 | D:4      | Killed Verendum's ghost
  2369 | D:4      | Reached skill level 3 in Stealth
  2369 | D:4      | Reached XP level 6. HP: 25/56 MP: 6/6
  2600 | D:4      | Reached skill level 4 in Stealth
  2850 | D:4      | Gained mutation: You have sharp fingernails. [potion of mutation]
  2850 | D:4      | Gained mutation: You occasionally shout uncontrollably at your foes. [potion of mutation]
  2850 | D:4      | Gained mutation: You have a pair of small horns on your head. [potion of mutation]
  2850 | D:4      | Gained mutation: You can exhale a cloud of poison. [potion of mutation]
  2860 | D:4      | Slain by a gnoll sergeant

Skill      XL: |  1  2  3  4  5  6 |
---------------+-------------------+-----
Stealth        | 1 2 3 4 |  4.2
Armour         | 3 |  3.5
Dodging        | 1 |  1.8
Long Blades    | 3 |  3.2
Shields        | 3 |  3.5
Fighting       | |  3.7

Action                   |  1- 3 |  4- 6 || total
-------------------------+-------+-------++-------
Melee: Long sword        |    65 |    81 ||   146
 Abil: Spit Poison       |     3 |     7 ||    10
  Use: Potion            |       |     2 ||     2
       Scroll            |       |     1 ||     1
  Eat: Chunk             |     1 |     4 ||     5
Armor: Scale mail        |    34 |    39 ||    73
Dodge: Dodged            |    10 |    14 ||    24
Block: Shield            |    19 |       ||    19
       Large shield      |    13 |    96 ||   109
       Rpst.: Long sword |     5 |     3 ||     8
